 Dungeon Crawl Stone Soup version 0.17-a0-1927-g319369b (webtiles) character file.

95 Rationalist the Skirmisher (level 4, -11/37 HPs)
             Began as a Demonspawn Fighter on Sept 29, 2015.
             Killed from afar by an orc wizard (15 damage)
             ... with a puff of flame
             ... on level 3 of the Dungeon.
             The game lasted 00:03:12 (1972 turns).

Rationalist the Skirmisher (Demonspawn Fighter)     Turns: 1972, Time: 00:03:12

Health: -11/37     AC:  2    Str: 16    XL:     4   Next: 40%
Magic:  4/4        EV:  9    Int:  9    God:
Gold:   111        SH:  9    Dex: 14    Spells: 0 memorised, 3 levels left

rFire  . . .     SeeInvis .     a - +0 war axe
rCold  . . .     Clarity  .     v - +0 robe (curse)
rNeg   . . .     SustAt   .     c - +0 shield
rPois  .         Gourm    .     (no helmet)
rElec  .         Spirit   .     (no cloak)
rCorr  +         Warding  .     (no gloves)
rMut   .         Stasis   .     (no boots)
MR     .....                    m - amulet of resist corrosion
Stlth  +.........               (no ring)
                                (no ring)

@: drained, not resistant to hostile enchantments, very unstealthy
A: hooves 1, rot immunity
a: no special abilities


You were on level 3 of the Dungeon.
You were not hungry.

You visited 1 branch of the dungeon, and saw 3 of its levels.

You collected 111 gold pieces.

Inventory:

Hand weapons
 a - a +0 war axe (weapon)
 w - a +0 war axe
Missiles
 j - 45 sling bullets
 s - 7 sling bullets of frost
 u - 7 tomahawks (quivered)
Armour
 c - a +0 shield (worn)
 v - a cursed +0 robe (worn)
Jewellery
 m - an amulet of resist corrosion (around neck)
Scrolls
 h - a scroll of remove curse {unknown}
 i - a scroll of teleportation {unknown}
 n - a scroll of recharging {unknown}
 r - a scroll of identify {unknown}
Potions
 d - a potion of might
 g - 3 potions of flight {unknown}
 l - 2 potions of curing {unknown}
 q - a potion of heal wounds {unknown}
 t - a potion of invisibility {unknown}
Books
 b - a book of Debilitation

   Spells                             Type                      Level
   a - Corona                         Hexes                        1
   b - Slow                           Hexes                        2
   c - Gell's Gravitas                Hexes/Translocation          3
   d - Inner Flame                    Hexes/Fire                   3
   e - Cause Fear                     Hexes                        4
   f - Leda's Liquefaction            Hexes/Earth                  4
Comestibles
 e - 5 bread rations
 f - 2 fruits
 o - a slice of pizza
 p - 2 chunks of flesh


   Skills:
 + Level 3.7(3.6) Fighting
 + Level 2.1(2.0) Axes
 + Level 3.1(3.0) Armour
 + Level 0.8(0.7) Dodging
 + Level 3.4(3.3) Shields


You had 3 spell levels left.
You didn't know any spells.

Dungeon Overview and Level Annotations

Branches:
Dungeon (3/15)

Altars:
Yredelemnul


Innate Abilities, Weirdness & Mutations

You have large cloven feet.
You are immune to rotting.


Message History

The orc wizard is lightly wounded.
You block the orc wizard's attack.
The orc wizard points at you and mumbles some strange words.
The puff of frost hits you!
* * * LOW HITPOINT WARNING * * *
The orc wizard barely misses you.
You hit the orc wizard.
You kick the orc wizard, but do no damage.
The orc wizard is moderately wounded.
You block the orc wizard's attack. The orc wizard hits you with a dagger.
* * * LOW HITPOINT WARNING * * *
You hit the orc wizard. Your kick misses the orc wizard.
The orc wizard is severely wounded.
The orc wizard gestures wildly while chanting.
The orc wizard flickers and vanishes!
Deactivating autopickup; reactivate with Ctrl-A.
You hear some strange, mumbled words.
A puff of flame appears from out of thin air!
The puff of flame hits you!
You die...

#....#..###...P
.........# ..
###..##..# #.
#..#
#..##.)####:.#
#............#
#.###..####...
###..#
###.#.@..#
........{.#
####.#....# #
##..... ....###
##.### #?# #$#
.#


There were no monsters in sight!

Vanquished Creatures
  A gnoll (D:1)
  4 adders (D:2)
  A worm (D:2)
  4 giant geckos
  An orc (D:3)
  4 bats
  2 giant cockroaches (D:1)
  5 hobgoblins
  A quokka (D:2)
  2 giant newts
  8 goblins
  8 kobolds
  4 rats
45 creatures vanquished.

Notes
Turn   | Place    | Note
--------------------------------------------------------------
     0 | D:1      | Rationalist the Demonspawn Fighter began the quest for the Orb.
     0 | D:1      | Reached XP level 1. HP: 18/18 MP: 1/1
    63 | D:1      | Gained mutation: You have large cloven feet. [demonic ancestry]
    63 | D:1      | Reached XP level 2. HP: 13/24 MP: 2/2
   757 | D:1      | Gained mutation: You are immune to rotting. [demonic ancestry]
   757 | D:1      | Reached XP level 3. HP: 29/29 MP: 3/3
  1154 | D:2      | Reached XP level 4. HP: 11/37 MP: 4/4
  1828 | D:2      | Found a basalt altar of Yredelemnul.
  1972 | D:3      | Killed from afar by an orc wizard

Vault maps used:
D:1:      dpeg_arrival_orchard, minivault_11, minmay_fountain_box,
          hangedman_decor_growths
D:2:      yredelemnul_altar_generic, first_bread
D:3:      nicolae_overflow_hidden_temple, serial_undead, serial_undead_d,
          serial_undead_e, serial_undead_b, serial_undead_b, st_stairs_1,
          minmay_misc_feat_encased, uniq_sigmund, uniq_crazy_yiuf_cottage

Action                   |  1- 3 |  4- 6 || total
-------------------------+-------+-------++-------
Melee: War axe           |   109 |    63 ||   172
  Use: Potion            |       |     2 ||     2
  Eat: Chunk             |     1 |     3 ||     4
